 Dungeon Crawl Stone Soup version 0.27-a0-1381-g81fdcbfb23 (console) character file.

Game seed: 6721109739948272406

130 Ignak the Grave Robber (level 4, 33/33 HPs)
             Began as a Mummy Necromancer on June 30, 2021.
             Quit the game on level 3 of the Dungeon on Mar 2, 2022.
             The game lasted 00:06:46 (3042 turns).

Ignak the Grave Robber (Mummy Necromancer)          Turns: 3042, Time: 00:06:46

Health: 33/33      AC:  7    Str: 11    XL:     4   Next: 89%
Magic:  9/9        EV: 10    Int: 15    God:
Gold:   79         SH:  0    Dex: 12    Spells: 0/10 levels left

rFire    x . .     SeeInvis .   i - +0 flail
rCold    + . .     Faith    .   (no shield)
rNeg     + + +     Spirit   .   j - +0 ring mail
rPois    ∞         Reflect  .   h - +0 helmet
rElec    .         Harm     .   (no cloak)
rCorr    .         Rampage  .   e - +0 pair of gloves
Will     .....                  (no boots)
Stlth    +.........             (no amulet)
HPRegen  0.11/turn              (no ring)
MPRegen  0.11/turn              (no ring)

@: no status effects
A: cold resistance 1, negative energy resistance 3, torment resistance 2, heat
vulnerability 1, no potions
a: no special abilities


You were on level 3 of the Dungeon.
You visited 1 branch of the dungeon, and saw 3 of its levels.

You collected 79 gold pieces.

Inventory:

Hand Weapons
 i - a +0 flail (weapon)
Missiles
 b - 10 poisoned darts
Armour
 e - a +0 pair of gloves (worn)
 h - a +0 helmet (worn)
 j - a +0 ring mail (worn)
Wands
 a - a wand of paralysis (7)
Scrolls
 c - 2 scrolls of vulnerability {unknown}
 d - 2 scrolls of noise {unknown}
 f - a scroll of teleportation {unknown}
 g - a scroll of blinking {unknown}


   Skills:
 + Level 1.6 Fighting
 + Level 2.2 Dodging
 - Level 1.5 Stealth
 - Level 1.0 Unarmed Combat
 + Level 3.6 Spellcasting
 * Level 4.8 Necromancy
 * Level 0.0 Translocations


You couldn't memorise any spells.
You knew the following spells:

 Your Spells              Type           Power      Damage    Failure   Level
a - Pain                  Necr           68%        1d7       6%          1
b - Animate Dead          Necr           8%         N/A       52%         4
c - Vampiric Draining     Necr           8%         2d7       19%         3
d - Blink                 Tloc           N/A        N/A       56%         2

Your spell library contained the following spells:

 Spells                   Type           Power      Damage    Failure   Level
 Animate Skeleton         Necr           34%        N/A       6%          1
 Conjure Flame            Conj/Fire      2%         6-21      80%         3
 Lesser Beckoning         Tloc           1%         N/A       80%         3
 Portal Projectile        Hex/Tloc       4%         N/A       80%         3
 Agony                    Necr           17%        N/A       86%         5
 Iskenderun's Mystic Bla  Conj/Tloc      2%         2d3       99%         4
 Bolt of Magma            Conj/Fire/Erth 1%         4d4       100%        5


Dungeon Overview and Level Annotations

Branches:
Dungeon (3/15)

Altars:


Innate Abilities, Weirdness & Mutations

You are immune to poison.
Your flesh is cold resistant. (rC+)
You are immune to negative energy. (rN+++)
You are immune to unholy pain and torment.
You are vulnerable to heat. (rF-)
You do not drink.


Message History

The howler monkey zombie is moderately damaged.
The howler monkey zombie barely misses you. x2
You hit the howler monkey zombie.
The howler monkey zombie is heavily damaged.
The howler monkey zombie hits you but does no damage.
You hit the howler monkey zombie but do no damage.
The howler monkey zombie is heavily damaged.
The howler monkey zombie hits you but does no damage.
You barely miss the howler monkey zombie.
The howler monkey zombie is heavily damaged.
The howler monkey zombie hits you but does no damage. x2
You barely miss the howler monkey zombie.
The howler monkey zombie is heavily damaged.
The howler monkey zombie hits you but does no damage.
You hit the howler monkey zombie.
The howler monkey zombie is severely damaged.
The howler monkey zombie closely misses you.
The howler monkey zombie hits you but does no damage.
You barely miss the howler monkey zombie.
The howler monkey zombie is severely damaged.
The howler monkey zombie hits you but does no damage.
You closely miss the howler monkey zombie.
The howler monkey zombie is severely damaged.
The howler monkey zombie hits you.
You sock the howler monkey zombie!
You destroy the howler monkey zombie!
Found a stone staircase leading up.
Found Sif Muna's Compendium of the Fiery Voyage.
HP restored.
You pick up Sif Muna's Compendium of the Fiery Voyage and begin reading...
You add the spells Blink, Conjure Flame, Portal Projectile, Lesser Beckoning, Iskenderun's Mystic Blast and Bolt of Magma to your library.
This spell is quite dangerous to cast!
Memorise Blink, consuming 2 spell levels and leaving 0?
You start memorising the spell.
You continue memorising. x2
You finish memorising.
Spell assigned to 'd'.
Unknown command.
Okay, then.
Welcome back, Ignak the Mummy Necromancer.
Press ? for a list of commands and other information.
Are you sure you want to abandon this character and quit the game? (Confirm with "yes".)

.# # . .## #.#..
.#.## ... ###.#
#.#.#### #......#
#.@###.###
#....#...#
##.#.#<#.# #.#.#.#.#
#.# #.#.# #.# ..#.#
#.# ..#.#
#.##.#.#.#.#
#.##.#.#.#.#########


There were no monsters in sight!

Vanquished Creatures
  A vampire bat (D:3)
  A howler monkey zombie (D:3)
  2 adders (D:2)
  6 orcs (D:3)
  10 bats (D:3)
  An endoplasm (D:1)
  6 goblins
  2 hobgoblins
  6 jackals
  2 quokkas (D:2)
  6 ball pythons
  A frilled lizard (D:1)
  4 kobolds
  8 rats
56 creatures vanquished.

Vanquished Creatures (others)
  A plant (D:1)
  2 withered plants (D:1)
3 creatures vanquished.

Grand Total: 59 creatures vanquished

Notes
Turn   | Place    | Note
-------+----------+-------------------------------------------
     0 | D:1      | Ignak the Mummy Necromancer began the quest for the Orb.
     0 | D:1      | Reached XP level 1. HP: 13/13 MP: 4/4
   438 | D:1      | Reached XP level 2. HP: 19/19 MP: 2/5
   745 | D:1      | Found a faded altar of an unknown god.
  1671 | D:2      | Reached XP level 3. HP: 22/25 MP: 4/7
  1677 | D:2      | Learned a level 3 spell: Vampiric Draining
  2111 | D:2      | Reached skill level 1 in Fighting
  2290 | D:3      | Reached skill level 1 in Unarmed Combat
  2631 | D:3      | Reached XP level 4. HP: 28/32 MP: 7/9
  2640 | D:3      | Learned a level 4 spell: Animate Dead
  3037 | D:3      | Got Sif Muna's Compendium of the Fiery Voyage
  3042 | D:3      | Learned a level 2 spell: Blink
  3042 | D:3      | Quit the game

Illustrated notes

Levels and vault maps discovered:
D:1:      matt_arrival_debris, layout_basic,
          shapermc_ecumenical_altar_flowoftime
D:2:      layout_loops_ring
D:3:      layout_basic, corexii_shack, roderic_batcave

Skill      XL: |  1  2  3 |
---------------+----------+-----
Spellcasting   | 3 |  3.6
Fighting       | 1 |  1.6
Dodging        | 2 |  2.2
Unarmed Combat | 1 |  1.0
Stealth        | |  1.5
Necromancy     | |  4.8

Action                   |  1- 3 |  4- 6 || total
-------------------------+-------+-------++-------
Melee: Club              |    29 |       ||    29
       Flail             |    24 |    14 ||    38
 Cast: Pain              |    63 |    18 ||    81
       Vampiric Draining |     2 |       ||     2
 Stab: Sleeping          |     1 |       ||     1
Armor: Robe              |    12 |       ||    12
       Ring mail         |     5 |    29 ||    34
Dodge: Dodged            |    65 |    18 ||    83

Table legend: (Time is in decaauts)
 A = Elapsed time spent in this place.
 B = Non-inter-level travel time spent in this place.
 C = Inter-level travel time spent in this place.
 D = Time resting spent in this place.
 E = Time spent auto-exploring this place.
 F = Levels seen in this place.
 G = Mean time per level.
                   A        B        C        D        E       F      G
               +--------+--------+--------+--------+--------+-----+--------+
         Total |   3065 |   3009 |     56 |    756 |   1428 |   3 | 1021.7 |
       Dungeon |   3065 |   3009 |     56 |    756 |   1428 |   3 | 1021.7 |
               +--------+--------+--------+--------+--------+-----+--------+

Top non-repeatable levels by time:
     D:1: 1255 daAuts
     D:2: 1102 daAuts
     D:3: 707 daAuts
